 Dungeon Crawl Stone Soup version 0.21-a0-508-gf08a75f (webtiles) character file.

688 slep the Poker (level 7, -2/54 HPs)
             Began as a Demonspawn Fighter on Nov 29, 2017.
             Slain by an iguana (4 damage)
             ... on level 5 of the Dungeon.
             The game lasted 00:16:46 (3756 turns).

slep the Poker (Demonspawn Fighter)                 Turns: 3756, Time: 00:16:46

Health: -2/54      AC: 13    Str: 17    XL:     7   Next: 36%
Magic:  7/7        EV:  8    Int: 10    God:
Gold:   165        SH:  9    Dex: 13    Spells: 6/6 levels left

rFire    . . .     SeeInvis .   a - +0 trident
rCold    . . .     Gourm    .   c - +0 shield
rNeg     . . .     Faith    .   b - +0 scale mail
rPois    .         Spirit   .   p - +0 helmet
rElec    .         Reflect  .   (no cloak)
rCorr    .         Harm     .   (no gloves)
MR       .....                  h - +0 pair of boots
Stlth    ..........             (no amulet)
HPRegen  0.18/turn              q - +2 ring of protection
MPRegen  0.10/turn              (no ring)

@: lethally poisoned (-2 -> -3)
A: claws 2, icy blue scales 1, rot immunity
a: no special abilities


You were on level 5 of the Dungeon.
You were not hungry.

You visited 1 branch of the dungeon, and saw 5 of its levels.

You collected 165 gold pieces.

Inventory:

Hand Weapons
 a - a +0 trident (weapon)
Armour
 b - a +0 scale mail (worn)
 c - a +0 shield (worn)
 h - a +0 pair of boots (worn)
 p - a +0 helmet (worn)
Jewellery
 q - a +2 ring of protection (left claw)
Scrolls
 e - 3 scrolls of remove curse {unknown}
 j - a scroll of enchant armour {unknown}
 k - 5 scrolls of teleportation {unknown}
 l - a scroll of random uselessness {unknown}
 n - a scroll of immolation {unknown}
 r - a scroll of enchant weapon {unknown}
 y - 2 scrolls of identify {unknown}
 z - a scroll of amnesia {unknown}
Potions
 d - a potion of might
 g - a potion of mutation {unknown}
 o - a potion of haste {unknown}
 s - a potion of degeneration {unknown}
 v - a potion of agility {unknown}
 w - a potion of ambrosia {unknown}
 x - a potion of berserk rage {unknown}
 A - a potion of magic {unknown}
Comestibles
 f - 7 bread rations
 i - a royal jelly
 m - a meat ration
 t - 4 chunks of flesh


   Skills:
 + Level 4.0 Fighting
 + Level 4.9 Polearms
 + Level 4.4 Armour
 + Level 2.1 Dodging
 + Level 0.1 Stealth
 + Level 3.8 Shields


You had 6 spell levels left.
You didn't know any spells.

Dungeon Overview and Level Annotations

Branches:
Dungeon (5/15)
 Temple: D:4-7

Altars:

Annotations:
D:3 Grinder, Natasha


Innate Abilities, Weirdness & Mutations

You have very sharp fingernails.
You are partially covered in icy blue scales. (AC +2)
You are immune to rotting.


Message History

The orc wizard blinks!
The iguana bites you.
Attack whom?
Press: ? - help, Dir - move target cursor, f - iguana
Aim: an iguana You hit the iguana.
The iguana is lightly wounded.
The iguana barely misses you.
You hit the iguana.
The iguana is lightly wounded.
You feel sick. The iguana bites you!
* * * LOW HITPOINT WARNING * * *
You hit the iguana.
The iguana is moderately wounded.
You block the iguana's attack. The iguana bites you!
* * * LOW HITPOINT WARNING * * *
You closely miss the iguana.
The iguana is moderately wounded.
* * * LOW HITPOINT WARNING * * *
You feel sick. The iguana bites you.
You die...

.#####...####
........... .........
....... ..... ... #'#
############ #@#
#..........# #l#
#.......##.#
##o###.......##.#
###.#............##.#
....?'............##.#
#####'............##.#
.................##.#
.................##.#
..................##.#


You could see an iguana and an orc wizard.

Vanquished Creatures
  An ice beast (D:5)
  A centaur (D:5)
  A bullfrog (D:5)
  2 scorpions
  2 hounds
  An orc priest (D:5)
  An orc wizard (D:5)
  Natasha (D:3)
  4 gnolls
  6 adders
  4 worms
  3 dart slugs
  2 leopard geckos
  13 orcs
  8 giant cockroaches
  11 hobgoblins
  2 jackals (D:1)
  4 ball pythons
  10 bats
  6 frilled lizards
  10 goblins
  8 kobolds
  6 rats
107 creatures vanquished.

Notes
Turn   | Place    | Note
-------+----------+-------------------------------------------
     0 | D:1      | slep the Demonspawn Fighter began the quest for the Orb.
     0 | D:1      | Reached XP level 1. HP: 18/18 MP: 1/1
    99 | D:1      | Gained mutation: You are partially covered in icy blue scales. (AC +2) [demonic ancestry]
    99 | D:1      | Reached XP level 2. HP: 8/24 MP: 2/2
   300 | D:1      | Reached XP level 3. HP: 21/29 MP: 3/3
  1005 | D:2      | Gained mutation: You have sharp fingernails. [demonic ancestry]
  1005 | D:2      | Reached XP level 4. HP: 9/35 MP: 4/4
  2156 | D:3      | Noticed Natasha
  2169 | D:3      | Gained mutation: You are immune to rotting. [demonic ancestry]
  2169 | D:3      | Reached XP level 5. HP: 27/42 MP: 5/5
  2181 | D:3      | Killed Natasha
  2313 | D:3      | Noticed Grinder
  2322 | D:3      | Paralysed by Grinder for 2 turns
  2327 | D:3      | Paralysed by Grinder for 6 turns
  2357 | D:3      | Paralysed by Grinder for 5 turns
  2363 | D:3      | Paralysed by Grinder for 4 turns
  2376 | D:3      | HP: 1/42 [Grinder/nerve-wracking pain (14)]
  2729 | D:3      | Noticed Natasha
  2763 | D:4      | Reached skill level 1 in Dodging
  2919 | D:4      | Reached XP level 6. HP: 38/48 MP: 6/6
  3387 | D:5      | Entered Level 5 of the Dungeon
  3387 | D:5      | Noticed an ice beast
  3404 | D:5      | Killed an ice beast
  3520 | D:5      | Gained mutation: You have very sharp fingernails. [demonic ancestry]
  3520 | D:5      | Reached XP level 7. HP: 38/54 MP: 7/7
  3756 | D:5      | HP: 2/54 [poisoned by an orc wizard]
  3756 | D:5      | Slain by an iguana

Vault maps used:
D:1:      nicolae_arrival_washed_ashore, chequers_big_river,
          minmay_strange_pillars, hex_medium, st_stairs_13, minmay_tromino_mix6
D:2:      roderic_malta_cross, grunt_ministairs_6, nrook_mini_vaults,
          minmay_misc_feat_doors
D:3:      yredelemnul_altar_generic, uniq_robin, uniq_natasha, uniq_grinder
D:4:      hangedman_feature_mirror
D:5:      minmay_temple_entry_glassed_door, first_bread,
          grunt_nemelex_the_gamble

Skill      XL: |  1  2  3  4  5  6  7 |
---------------+----------------------+-----
Polearms       | 2 3 4 |  4.9
Armour         | 3 4 |  4.4
Shields        | 3 |  3.8
Dodging        | 1 2 |  2.1
Fighting       | 4 |  4.0
Stealth        | |  0.1

Action                   |  1- 3 |  4- 6 |  7- 9 || total
-------------------------+-------+-------+-------++-------
Melee: Trident           |   160 |   298 |    96 ||   554
  Use: Potion            |       |       |     3 ||     3
  Eat: Chunk             |       |     9 |     1 ||    10
Armor: Scale mail        |    81 |   160 |    43 ||   284
Dodge: Dodged            |    42 |    95 |    26 ||   163
Block: Shield            |    60 |   160 |    39 ||   259

Table legend:
 A = Spawn XP
 B = Non-spawn XP
 C = Spawn XP percentage of total XP
 D = Spawn monster count
 E = Non-spawn monster count
 F = Spawn count percentage of total count
 G = Total turns spent on level
                    A         B        C        D         E        F      G
               +---------+---------+-------+---------+---------+-------+---------
         Total |       0 |     984 |   0.0 |       0 |     107 |   0.0 |  3756
               +---------+---------+-------+---------+---------+-------+---------
           D:1 |       0 |      81 |   0.0 |       0 |      40 |   0.0 |   965
           D:2 |       0 |     108 |   0.0 |       0 |      32 |   0.0 |  1481
           D:3 |       0 |      76 |   0.0 |       0 |      13 |   0.0 |   286
           D:4 |       0 |     170 |   0.0 |       0 |       8 |   0.0 |   655
           D:5 |       0 |     549 |   0.0 |       0 |      14 |   0.0 |   369
               +---------+---------+-------+---------+---------+-------+---------
